 Dungeon Crawl Stone Soup version 0.17-a0-1663-gb806841 (webtiles) character file.

92 Geomchi the Cudgeler (level 4, 0/31 HPs)
             Began as an Octopode Fighter on Aug 16, 2015.
             Slain by a bat (1 damage)
             ... on level 3 of the Dungeon.
             The game lasted 00:02:50 (1991 turns).

Geomchi the Cudgeler (Octopode Fighter)             Turns: 1991, Time: 00:02:51

Health: 0/31       AC:  1    Str: 15    XL:     4   Next: 60%
Magic:  4/4        EV: 10    Int: 10    God:
Gold:   36         SH:  8    Dex: 12    Spells: 0 memorised, 3 levels left

rFire  . . .     SeeInvis .     m - +0 whip
rCold  . . .     Clarity  .     b - +0 shield
rNeg   . . .     SustAt   .     (helmet restricted)
rPois  .         Gourm    .     (no amulet)
rElec  .         Spirit   .     (no ring)
rCorr  .         Warding  .     (no ring)
rMut   .         Stasis   .     (no ring)
MR     .....                    (no ring)
Stlth  ++........               (no ring)
                                (no ring)
                                (no ring)
                                (no ring)

@: very slightly contaminated, hasted, very quick, not resistant to hostile
enchantments, unstealthy
A: almost no armour, amphibious, 8 rings, constrict 8, camouflage 1, gelatinous
body 1
a: no special abilities


You were on level 3 of the Dungeon.
You were not hungry.

You visited 1 branch of the dungeon, and saw 3 of its levels.

You collected 36 gold pieces.

Inventory:

Hand weapons
 a - a +0 flail
 m - a +0 whip (weapon)
Armour
 b - a +0 shield (worn)
Scrolls
 e - 7 scrolls of identify {unknown}
 h - 2 scrolls of fear {unknown}
 i - a scroll of fog {unknown}
Potions
 c - 2 potions of might
 g - a potion of brilliance {unknown}
 l - a potion of mutation {unknown}
Comestibles
 d - 3 bread rations {@e1}
 j - a meat ration {@e2}
 k - a royal jelly


   Skills:
 - Level 3.0 Fighting
 - Level 4.6 Maces & Flails
 + Level 3.0 Dodging
 + Level 3.0 Shields


You had 3 spell levels left.
You didn't know any spells.

Dungeon Overview and Level Annotations

Branches:
Dungeon (3/15)

Altars:

Annotations:
D:3 Grinder


Innate Abilities, Weirdness & Mutations

You cannot wear most types of armour.
You are amphibious.
You can wear up to eight rings at the same time.
You can use your tentacles to constrict eight enemies at once.
Your skin changes colour to match your surroundings (Stealth).
Your rubbery body absorbs attacks (AC +1).


Message History

You take 1 damage, and have 3/31 hp.
The bat hits you but does no damage. The bat hits you.
* * * LOW HITPOINT WARNING * * *
You block the bat's attack.
You take 1 damage, and have 3/31 hp.
You block the bat's attack. The bat hits you.
* * * LOW HITPOINT WARNING * * *
You take 1 damage, and have 2/31 hp.
You block the bat's attack.
Drink which item? (? for menu, Esc to quit)
It was a potion of haste.
You feel yourself speed up. You block the bat's attack. The bat hits you.
* * * LOW HITPOINT WARNING * * *
You are very lightly contaminated with residual magic.
You take 1 damage, and have 1/31 hp.
The bat barely misses you. The bat hits you.
You die...

....................#.#######
#####.########..###.#......<#
# ♣♣.♣ ♣..♣ #...>###### ♣♣.♣♣
♣..♣ ###..# ♣.♣♣ ♣..♣ #..#
♣)♣ ♣..♣ #..# ♣.♣ ♣♣.♣♣ #..#
♣.♣ ♣♣.♣ #..# ♣.♣ ♣@♣♣ #...
♣♣.♣ ♣♣b♣ ##.# ♣♣.♣♣ ♣.♣ ♣.♣♣
♣♣o♣ ♣♣.♣ ♣..♣ ♣♣.♣ ♣.♣♣ ♣..♣
♣♣.♣ ♣.♣♣ ♣..♣ ♣.♣ ♣♣♣ ♣.♣♣


You could see an orc and a bat.

Vanquished Creatures
  A giant frog (D:3)
  A worm (D:2)
  2 bats (D:2)
  3 giant cockroaches
  6 hobgoblins
  3 jackals (D:2)
  A quokka (D:2)
  4 giant newts
  2 goblins
  2 kobolds
  4 rats
29 creatures vanquished.

Notes
Turn   | Place    | Note
--------------------------------------------------------------
     0 | D:1      | Geomchi the Octopode Fighter began the quest for the Orb.
     0 | D:1      | Reached XP level 1. HP: 16/16 MP: 1/1
   278 | D:1      | You fall through a shaft!
   614 | D:1      | Reached XP level 2. HP: 19/21 MP: 2/2
  1455 | D:2      | Reached XP level 3. HP: 26/26 MP: 3/3
  1534 | D:3      | Noticed Grinder
  1948 | D:3      | Noticed a giant frog
  1964 | D:3      | Killed a giant frog
  1964 | D:3      | Reached skill level 4 in Maces & Flails
  1964 | D:3      | Reached XP level 4. HP: 5/31 MP: 4/4
  1988 | D:3      | HP: 1/31 [bat (1)]
  1991 | D:3      | Slain by a bat

Vault maps used:
D:1:      zaba_arrival_water, serial_aquarium, aquarium_bridge_straight,
          aquarium_bridge_straight, aquarium_window_fake, aquarium_window_1,
          aquarium_window_corridor_3, aquarium_window_corner, aquarium_view_2f
D:3:      forest_paths, nicolae_qazlal_general_emergency,
          nemelex_xobeh_ov_fountains_minmay, tgw_sif, uniq_grinder

Action                   |  1- 3 |  4- 6 || total
-------------------------+-------+-------++-------
Melee: Flail             |    53 |       ||    53
       Whip              |     4 |       ||     4
  Use: Potion            |       |     1 ||     1
 Stab: Sleeping          |     7 |       ||     7
  Eat: Chunk             |     3 |       ||     3
